[Event "Titled Tuesday Blitz November 07 Late 2023"]
[White "Jarocka, Liwia"]
[Black "Sreyas Payyappat"]
[WhiteFideId "21807558"]
[BlackFideId "46674969"]
[WhiteElo "2356"]
[BlackElo "2505"]
[Result "0-1"]
[Round "9"]
[TimeControl "180+1"]
[Date "2023.11.07"]
[WhiteClock "0:00:49"]
[BlackClock "0:01:33"]
[Board "66"]

1. d4 Nf6 2. c4 c5 3. d5 e6 4. Nc3 exd5 5. cxd5 d6 6. e4 g6 7. Nf3 Bg7 8. Bd3 O-O 9. O-O Bg4 10. h3 Bxf3 11. Qxf3 Nbd7 12. Qd1 Re8 13. Re1 a6 14. Bc2 b5 15. a3 Rc8 16. Bf4 Nb6 17. b3 Nh5 18. Bd2 b4 19. axb4 cxb4 20. Rxa6 Bxc3 21. Bxc3 Rxc3 22. Bd3 Nf4 23. Bb5 Qg5 24. Qg4 Qxg4 25. hxg4 Rb8 26. g3 Nd3 27. Bxd3 Rxd3 28. e5 dxe5 29. Rxe5 Nxd5 30. Rd6 Nf4 31. Rc6 0-1


[Site "https://www.chess.com"]

[Event "Titled Tuesday Blitz November 07 Late 2023"]
[White "Hilary46"]
[Black "Aung Thant Zin"]
[BlackFideId "13000063"]
[WhiteElo "2672"]
[BlackElo "2055"]
[Result "1-0"]
[Round "9"]
[TimeControl "180+1"]
[Date "2023.11.07"]
[WhiteClock "0:01:08"]
[BlackClock "0:00:22"]
[Board "67"]

1. e4 c5 2. Nf3 Nc6 3. d4 cxd4 4. Nxd4 Nf6 5. Nc3 d6 6. Bg5 e6 7. Qd2 a6 8. O-O-O h6 9. Nxc6 bxc6 10. Bf4 Qc7 11. Bxd6 Bxd6 12. Qxd6 Qxd6 13. Rxd6 Bb7 14. f3 Ke7 15. Rd2 Rhd8 16. Na4 Rxd2 17. Kxd2 Rd8+ 18. Bd3 Kd6 19. Rg1 c5 20. Ke3 Bc6 21. Nc3 a5 22. Rd1 Kc7 23. Be2 Rb8 24. b3 a4 25. Bc4 axb3 26. cxb3 Ra8 27. a4 Nd7 28. Nb5+ Bxb5 29. Bxb5 Nb6 30. f4 f6 31. Rc1 Kd6 32. Be2 e5 33. f5 Kc6 34. Bb5+ Kc7 35. Rd1 Ra7 36. Kf3 Kc8 37. Kg4 c4 38. Bxc4 Nxc4 39. Rc1 Rd7 40. Rxc4+ Kb7 41. Rc2 Rd3 42. Kh5 Rxb3 43. Kg6 Rb4 44. Re2 Rxa4 45. Kxg7 Ra6 46. Kxh6 Rd6 47. Kg7 Kb6 48. h4 Kc5 49. h5 Kd4 50. Rd2+ 1-0


[Site "https://www.chess.com"]

[Event "Titled Tuesday Blitz November 07 Late 2023"]
[White "Herman, Daniel"]
[Black "Przybylski, Wojciech"]
[WhiteFideId "30935008"]
[BlackFideId "1117599"]
[WhiteElo "2416"]
[BlackElo "2518"]
[Result "0-1"]
[Round "9"]
[TimeControl "180+1"]
[Date "2023.11.07"]
[WhiteClock "0:00:15"]
[BlackClock "0:00:42"]
[Board "68"]

1. c4 b5 2. cxb5 a6 3. d4 axb5 4. e4 Bb7 5. Bd3 Nf6 6. Qe2 Nc6 7. Nf3 Nb4 8. O-O Nxd3 9. Qxd3 Bxe4 10. Qxb5 Bxf3 11. gxf3 e6 12. Nc3 Be7 13. a4 O-O 14. a5 c6 15. Qa4 Ra6 16. b4 Qa8 17. Ba3 Rb8 18. Rab1 Qa7 19. Ne2 Rb5 20. Kh1 Qb7 21. Kg2 Nd5 22. Rb2 Bf6 23. Rfb1 h5 24. Qc2 Qb8 25. Qe4 g6 26. Rb3 Kg7 27. Bc1 Qd6 28. Bd2 Qc7 29. Nf4 Qb8 30. Nxd5 Rxd5 31. Bc3 Qb5 32. f4 h4 33. Ba1 Ra8 34. Qd3 Qb7 35. Qf3 Rh5 36. h3 Rd5 37. b5 Rxa5 38. bxc6 Qxc6 39. Rb6 Qc2 40. Bc3 Ra3 0-1


[Site "https://www.chess.com"]

[Event "Titled Tuesday Blitz November 07 Late 2023"]
[White "Wanyama, Harold"]
[Black "elmusmolamas"]
[WhiteFideId "10000380"]
[WhiteElo "2421"]
[BlackElo "2480"]
[Result "1-0"]
[Round "9"]
[TimeControl "180+1"]
[Date "2023.11.07"]
[WhiteClock "0:00:09"]
[BlackClock "0:00:00"]
[Board "69"]

1. d4 Nf6 2. c4 g6 3. Nc3 d5 4. Bf4 Bg7 5. e3 O-O 6. Rc1 c5 7. dxc5 Na6 8. cxd5 Nxc5 9. Nf3 Bf5 10. Be2 Nce4 11. Nxe4 Bxe4 12. d6 Nd5 13. Rc4 Nxf4 14. exf4 Bc6 15. dxe7 Qxe7 16. O-O Bxb2 17. Re1 Rad8 18. Qb1 Bg7 19. Ne5 Bxe5 20. fxe5 Qxe5 21. Bf1 Qf6 22. Qc1 Rfe8 23. Rxe8+ Rxe8 24. a4 Re5 25. Qd2 Rg5 26. Rf4 Qe7 27. g3 Rd5 28. Qc2 Qe1 29. Qc4 Rd7 30. h4 Re7 31. h5 Qe5 32. h6 Qg5 33. Qb4 Re8 34. Rh4 Qd5 35. Qc3 Qe5 36. Qd2 Qe7 37. Qd4 f6 38. Qxa7 Qd7 39. Qd4 Qxd4 40. Rxd4 Kf7 41. Bc4+ Kf8 42. f4 1-0


[Site "https://www.chess.com"]

[Event "Titled Tuesday Blitz November 07 Late 2023"]
[White "Martins, Vinicius Tine"]
[Black "Ahmad, Khagan"]
[WhiteFideId "2112884"]
[BlackFideId "13431552"]
[WhiteElo "2395"]
[BlackElo "2463"]
[Result "0-1"]
[Round "9"]
[TimeControl "180+1"]
[Date "2023.11.07"]
[WhiteClock "0:00:03"]
[BlackClock "0:00:02"]
[Board "70"]

1. d4 Nf6 2. Bf4 d5 3. Nf3 c5 4. e3 Nc6 5. Nbd2 Nh5 6. Bg3 Bg4 7. c3 e6 8. Bb5 Qb6 9. Qa4 Nxg3 10. hxg3 Bxf3 11. Nxf3 Bd6 12. Rh5 g6 13. Rh6 a6 14. Bxc6+ Qxc6 15. Qxc6+ bxc6 16. O-O-O cxd4 17. exd4 c5 18. Rdh1 cxd4 19. cxd4 Rc8+ 20. Kd2 Ke7 21. Rxh7 Rxh7 22. Rxh7 Kf6 23. Rh1 a5 24. Kd3 Rb8 25. b3 a4 26. Rb1 axb3 27. axb3 Bb4 28. Ra1 Rc8 29. Rb1 Rc3+ 30. Ke2 Rc2+ 31. Ke3 g5 32. Ne5 Kf5 33. Nd3 Bd2+ 34. Kf3 g4+ 35. Ke2 Bc3+ 36. Ke3 Bd2+ 37. Ke2 Ke4 38. f3+ gxf3+ 39. gxf3+ Kxd4 40. Ne1 Bxe1+ 41. Kxe1 Ke3 42. Kd1 Rd2+ 43. Kc1 Rd4 44. b4 Kxf3 45. b5 Rc4+ 46. Kd2 Kxg3 47. Rb3+ Kf4 48. b6 Rc8 49. b7 Rb8 50. Kd3 e5 51. Rb4+ Kf3 52. Rb5 f5 53. Rxd5 e4+ 54. Kd4 f4 55. Rb5 e3 56. Ke5 e2 57. Rb3+ Kf2 58. Rb2 Rxb7 59. Kxf4 Rxb2 0-1


[Site "https://www.chess.com"]

[Event "Titled Tuesday Blitz November 07 Late 2023"]
[White "Baches Garcia, Guillermo"]
[Black "Pavlidou, Ekaterini"]
[WhiteFideId "2209764"]
[BlackFideId "4213262"]
[WhiteElo "2458"]
[BlackElo "2356"]
[Result "1/2-1/2"]
[Round "9"]
[TimeControl "180+1"]
[Date "2023.11.07"]
[WhiteClock "0:00:10"]
[BlackClock "0:00:11"]
[Board "71"]

1. d4 Nf6 2. Nf3 e6 3. Bg5 d5 4. Nbd2 Nbd7 5. e3 h6 6. Bh4 Be7 7. Bd3 c5 8. c3 b6 9. Ne5 Bb7 10. f4 Ne4 11. Bxe7 Qxe7 12. Nxe4 Nxe5 13. fxe5 dxe4 14. Qa4+ Kf8 15. Ba6 Bxa6 16. Qxa6 Qg5 17. Qe2 f5 18. exf6 gxf6 19. O-O-O c4 20. Qxc4 Qxe3+ 21. Kb1 f5 22. Qxe6 Rh7 23. Qxf5+ Rf7 24. Qd5 Re8 25. Rhe1 Qf4 26. g3 Qf3 27. Qc4 e3 28. Qe2 Qe4+ 29. Qc2 Rf2 30. Qxe4 Rxe4 31. d5 e2 32. Rc1 Ke7 33. Kc2 Rxh2 34. Kd3 Re5 35. c4 Kd6 36. Rc2 Rg2 37. Rcxe2 Rxg3+ 38. Kd2 Rxe2+ 39. Rxe2 Rg4 40. b3 h5 41. Re6+ Kd7 42. Rh6 Rg2+ 43. Kc3 Rh2 44. a4 h4 45. b4 h3 46. c5 bxc5 47. bxc5 Rh1 48. Rh7+ Kd8 49. c6 h2 50. Kb2 Rd1 51. Rxh2 Rxd5 52. Rh7 a5 53. Kb3 Rc5 54. Rd7+ Kc8 55. Ra7 Kb8 56. Ra6 Kc7 57. Kb2 Rc4 58. Kb3 Rc5 59. Kb2 Rc4 60. Kb3 Rc5 1/2-1/2


[Site "https://www.chess.com"]

[Event "Titled Tuesday Blitz November 07 Late 2023"]
[White "Fernandez Bustamante, Leancy B."]
[Black "Jovic, Stanoje"]
[WhiteFideId "3523870"]
[BlackFideId "905020"]
[WhiteElo "2345"]
[BlackElo "2448"]
[Result "0-1"]
[Round "9"]
[TimeControl "180+1"]
[Date "2023.11.07"]
[WhiteClock "0:00:10"]
[BlackClock "0:00:15"]
[Board "72"]

1. e4 c6 2. Nf3 d5 3. exd5 cxd5 4. d4 Nc6 5. h3 Bf5 6. c3 e6 7. Bd3 Bg6 8. O-O Bd6 9. Re1 Qc7 10. Bg5 Nf6 11. Bxg6 hxg6 12. Nbd2 a5 13. Qe2 a4 14. Ne5 Bxe5 15. dxe5 Nd7 16. f4 Qb6+ 17. Kh2 Qxb2 18. Rab1 Qxc3 19. Rxb7 Nd4 20. Qf2 Nf5 21. Reb1 Nc5 22. Rb8+ Kd7 23. R8b5 Rhc8 24. Nf3 Qe3 25. Qf1 f6 26. exf6 gxf6 27. Bxf6 Qxf4+ 28. Kg1 Ke8 29. R5b4 Qe3+ 30. Kh2 Nd3 31. Rb7 Ng3 32. Re7+ Kf8 33. Qd1 Nf2 34. Rbb7 Nf5 35. Rf7+ Kg8 36. Rg7+ Nxg7 37. Rxg7+ Kf8 38. Qb1 Qf4+ 39. Kg1 Qxf6 40. Rxg6 Qf5 41. Qxf5+ exf5 42. Kxf2 Rc2+ 43. Kg3 Rxa2 44. Rh6 Ra5 45. Nd4 a3 46. Rh7 Rb2 47. Nc6 Ra6 48. Nd4 a2 49. Nxf5 a1=Q 50. Kh2 Rb1 51. Rh8+ Kf7 52. Rh7+ Kg6 53. Rh6+ Kxf5 54. Rxa6 Ke4 55. Kg3 d4 56. Re6+ Kd3 57. Rg6 Rb3 58. Kh4 Kc4 59. g4 Qa4 60. Kh5 Qb5+ 61. Rg5 Qc5 62. Rxc5+ Kxc5 63. g5 d3 64. g6 d2 65. g7 d1=Q+ 66. Kh6 Rxh3+ 67. Kg6 Rg3+ 68. Kh7 Rxg7+ 69. Kxg7 Qd6 70. Kh8 Kd5 71. Kh7 Ke5 72. Kg7 Kf5 73. Kf7 Qc7+ 74. Kg8 Kf6 75. Kh8 Qg7# 0-1


[Site "https://www.chess.com"]

[Event "Titled Tuesday Blitz November 07 Late 2023"]
[White "Halak, Miklos"]
[Black "TheAlienParty"]
[WhiteFideId "726400"]
[WhiteElo "2439"]
[BlackElo "2353"]
[Result "1-0"]
[Round "9"]
[TimeControl "180+1"]
[Date "2023.11.07"]
[WhiteClock "0:00:14"]
[BlackClock "0:00:34"]
[Board "73"]

1. d4 Nf6 2. Nf3 b5 3. Bf4 d6 4. e3 a6 5. h3 Bb7 6. Be2 g6 7. O-O Bg7 8. c3 O-O 9. a4 bxa4 10. Qxa4 Ne4 11. Nbd2 Qd7 12. Qb3 Bc6 13. Nxe4 Bxe4 14. Nd2 Bf5 15. Qb7 Qc6 16. Qxc6 Nxc6 17. Rxa6 Rxa6 18. Bxa6 Rb8 19. b4 e5 20. Bg3 exd4 21. exd4 Ne7 22. Bc4 Be6 23. Re1 Nd5 24. Bxd5 Bxd5 25. Re7 Rb7 26. c4 Be6 27. d5 Bf5 28. Bxd6 Bc3 29. Nf3 Bxb4 30. Bxb4 Rxb4 31. Rxc7 f6 32. d6 Kf8 33. Nd4 Rb1+ 34. Kh2 Rd1 35. Nxf5 gxf5 36. c5 Ke8 37. Rxh7 Rd5 38. Rc7 f4 39. h4 Rh5 40. Kh3 Rd5 41. Kg4 Rd2 42. Kf3 Rd3+ 43. Kxf4 Rd2 44. Kg3 Rd3+ 45. f3 Rd5 46. Kh3 Re5 47. Re7+ Rxe7 48. dxe7 Kxe7 49. h5 Kf7 50. c6 1-0


[Site "https://www.chess.com"]

[Event "Titled Tuesday Blitz November 07 Late 2023"]
[White "Jamal-Jamal-Jamal"]
[Black "Pace, Christopher"]
[BlackFideId "2610167"]
[WhiteElo "2339"]
[BlackElo "2424"]
[Result "1-0"]
[Round "9"]
[TimeControl "180+1"]
[Date "2023.11.07"]
[WhiteClock "0:00:50"]
[BlackClock "0:00:05"]
[Board "74"]

1. e4 e5 2. Nf3 Nc6 3. d4 exd4 4. Nxd4 Nf6 5. Nxc6 bxc6 6. e5 Qe7 7. Qe2 Nd5 8. h4 a5 9. c4 Ba6 10. g3 g6 11. b3 Bg7 12. Bb2 a4 13. Bg2 O-O 14. O-O Rfb8 15. Nd2 a3 16. Bd4 Nb4 17. Nf3 c5 18. Bc3 Bb7 19. Rfe1 h6 20. Rad1 Bc6 21. h5 g5 22. Nh2 Bxg2 23. Kxg2 Nc6 24. Ng4 Nd4 25. Bxd4 cxd4 26. Rxd4 d6 27. Rdd1 dxe5 28. Ne3 Qe6 29. g4 e4 30. Nf5 Bf8 31. Qxe4 Qxe4+ 32. Rxe4 Re8 33. Rde1 Rxe4 34. Rxe4 Rd8 35. Re2 c5 36. f4 gxf4 37. Kf3 Rd3+ 38. Kxf4 Kh7 39. Ke5 Bg7+ 40. Ke4 Rd1 41. Kf3 Bb2 42. Re7 Ra1 43. Rxf7+ Kg8 44. Nxh6+ Kh8 45. g5 Rxa2 46. g6 Ra1 47. Rh7# 1-0


[Site "https://www.chess.com"]

[Event "Titled Tuesday Blitz November 07 Late 2023"]
[White "Quirke, Jeffrey"]
[Black "Su, Dion"]
[WhiteFideId "2013029"]
[BlackFideId "2029731"]
[WhiteElo "2270"]
[BlackElo "2421"]
[Result "0-1"]
[Round "9"]
[TimeControl "180+1"]
[Date "2023.11.07"]
[WhiteClock "0:00:00"]
[BlackClock "0:00:18"]
[Board "75"]

1. e4 Nc6 2. Nf3 d6 3. d4 Nf6 4. Nc3 g6 5. h3 Bg7 6. Be3 O-O 7. Be2 a6 8. a4 e6 9. O-O b6 10. Qd2 Bb7 11. Bg5 Qc8 12. Rfe1 Nb4 13. Bf1 c5 14. e5 dxe5 15. dxe5 Nfd5 16. Ne4 Qc7 17. Nf6+ Nxf6 18. Bxf6 Bxf3 19. gxf3 Nd5 20. Bxg7 Kxg7 21. c4 Nb4 22. Rad1 Qe7 23. Qf4 Rad8 24. h4 Nc2 25. Rxd8 Rxd8 26. Rc1 Nd4 27. Kg2 Nc6 28. Rc3 Rd4 29. Qe3 Qxh4 30. Rb3 Qd8 31. Kg3 h5 32. Bh3 Na5 33. Rc3 Nxc4 0-1


[Site "https://www.chess.com"]

[Event "Titled Tuesday Blitz November 07 Late 2023"]
[White "GatoRojo150"]
[Black "Bogaudinov, Rushan"]
[BlackFideId "4129288"]
[WhiteElo "2583"]
[BlackElo "2322"]
[Result "0-1"]
[Round "9"]
[TimeControl "180+1"]
[Date "2023.11.07"]
[WhiteClock "0:01:15"]
[BlackClock "0:02:04"]
[Board "76"]

1. e4 c5 2. Nf3 Nc6 3. Nc3 e6 4. d4 cxd4 5. Nxd4 a6 6. Bf4 Bb4 7. Nxc6 bxc6 8. Qg4 Nf6 9. Qxg7 Rg8 10. Qh6 Rg6 11. Qh4 Nxe4 12. Qxh7 Qf6 13. Bd2 Qxf2+ 0-1


[Site "https://www.chess.com"]

[Event "Titled Tuesday Blitz November 07 Late 2023"]
[White "Hoffmann, Asa"]
[Black "ExchangeAB"]
[WhiteFideId "2001470"]
[WhiteElo "2368"]
[BlackElo "2430"]
[Result "0-1"]
[Round "9"]
[TimeControl "180+1"]
[Date "2023.11.07"]
[WhiteClock "0:00:42"]
[BlackClock "0:00:33"]
[Board "78"]

1. d4 d5 2. Bg5 c6 3. e3 Qb6 4. b3 Nd7 5. f4 Ngf6 6. Bh4 Ne4 7. Bd3 Ndf6 8. Nf3 g6 9. O-O Bg7 10. Ne5 O-O 11. Nd2 Nxd2 12. Qxd2 Re8 13. c4 Ng4 14. h3 Nh6 15. c5 Qc7 16. g4 f6 17. Nf3 Nf7 18. Bg3 e5 19. fxe5 fxe5 20. Kg2 Qe7 21. Nh2 Be6 22. Rae1 e4 23. Be2 Rf8 24. Rf2 Qd7 25. Ref1 Ng5 26. Bf4 h6 27. Bd1 Nh7 28. Bd6 Rxf2+ 29. Qxf2 Bf8 30. Be5 Bg7 31. Qg3 Rf8 32. h4 Rxf1 33. Nxf1 Qf7 34. Bxg7 Kxg7 35. Qe5+ Qf6 36. Qg3 Nf8 37. Be2 g5 38. h5 Kf7 39. Qf2 Qxf2+ 40. Kxf2 Nd7 41. b4 Nf6 42. Kg3 Ke7 43. Nd2 Kd7 44. a4 Kc7 45. Nb3 b6 46. b5 Bd7 47. cxb6+ axb6 48. bxc6 Bxc6 49. a5 bxa5 50. Nxa5 Kb6 51. Nb3 Nd7 52. Kf2 Ba4 53. Nd2 Bb5 54. Nf1 Nf6 55. Bxb5 Kxb5 56. Kg3 Kc4 57. Kh3 Kd3 58. Ng3 Kxe3 59. Nf5+ Kf4 60. Nxh6 e3 61. Nf5 e2 62. Ng3 e1=Q 0-1


[Site "https://www.chess.com"]

[Event "Titled Tuesday Blitz November 07 Late 2023"]
[White "Becerra, Juan David"]
[Black "Mazurkiewicz, Michal"]
[WhiteFideId "4404998"]
[BlackFideId "1124943"]
[WhiteElo "2365"]
[BlackElo "2429"]
[Result "0-1"]
[Round "9"]
[TimeControl "180+1"]
[Date "2023.11.07"]
[WhiteClock "0:00:03"]
[BlackClock "0:00:35"]
[Board "79"]

1. d4 Nf6 2. Bf4 g6 3. Nc3 d5 4. Nf3 Bg7 5. e3 Nh5 6. Bg3 Nxg3 7. hxg3 Bg4 8. Be2 c6 9. Ne5 Bxe2 10. Qxe2 Bxe5 11. dxe5 e6 12. Qg4 Nd7 13. O-O-O Nxe5 14. Qd4 Qf6 15. Rh4 Nd7 16. Qb4 O-O-O 17. Rf4 Qg7 18. Qa5 Kb8 19. Ra4 a6 20. Rb4 Kc8 21. Na4 Qe5 22. Nb6+ Nxb6 23. Qxb6 Qc7 24. Qa7 Rd7 25. e4 Rhd8 26. Qc5 dxe4 27. Rbd4 Rxd4 28. Rxd4 Rxd4 29. Qxd4 f5 30. Qh8+ Qd8 31. Qxh7 Qa5 32. Qg8+ Kc7 33. c3 Qxa2 34. Qxg6 Qc4 35. Qf7+ Kb6 36. g4 Qf1+ 37. Kc2 Qxf2+ 38. Kb3 e3 39. Qf6 e2 40. Qd8+ Ka7 0-1


[Site "https://www.chess.com"]

[Event "Titled Tuesday Blitz November 07 Late 2023"]
[White "Skaric, Djuro"]
[Black "Weisz, Bryan"]
[WhiteFideId "934569"]
[BlackFideId "30934133"]
[WhiteElo "2359"]
[BlackElo "2426"]
[Result "0-1"]
[Round "9"]
[TimeControl "180+1"]
[Date "2023.11.07"]
[WhiteClock "0:00:32"]
[BlackClock "0:00:36"]
[Board "80"]

1. g3 g6 2. Bg2 Bg7 3. Nc3 Nc6 4. d3 d6 5. e4 e5 6. f4 exf4 7. Bxf4 Nge7 8. Nf3 O-O 9. O-O Bg4 10. Qd2 d5 11. Ne5 Nxe5 12. Bxe5 Bxe5 13. d4 dxe4 14. Nxe4 Qxd4+ 15. Qxd4 Bxd4+ 16. Kh1 Nc6 17. c3 Bg7 18. Nc5 Ne5 19. b4 c6 20. Nxb7 Nc4 21. Bxc6 Rac8 22. b5 Nd2 23. Rf4 h5 24. Kg2 Bxc3 25. Rc1 Be5 26. Ra4 Bf3+ 27. Kf2 Bxc6 28. bxc6 f5 29. Ke3 Ne4 30. Rxa7 Nf6 31. a4 Rf7 32. a5 Nd5+ 33. Kf3 Nb4 34. a6 Nxc6 35. Rxc6 Rxc6 36. Ra8+ Rf8 37. Nd8 Rc3+ 38. Ke2 Ra3 39. a7 Bf6 40. Rb8 Rxd8 41. a8=Q Rxa8 42. Rb6 Kg7 0-1


[Site "https://www.chess.com"]

[Event "Titled Tuesday Blitz November 07 Late 2023"]
[White "Novikova, Galina"]
[Black "Harriott, Tyrell"]
[WhiteFideId "4157095"]
[BlackFideId "2086484"]
[WhiteElo "2417"]
[BlackElo "2352"]
[Result "1-0"]
[Round "9"]
[TimeControl "180+1"]
[Date "2023.11.07"]
[WhiteClock "0:00:22"]
[BlackClock "0:00:00"]
[Board "81"]

1. e4 d5 2. exd5 Nf6 3. Nf3 Qxd5 4. Be2 Bg4 5. d4 Nc6 6. Be3 O-O-O 7. c4 Qh5 8. Nbd2 e5 9. d5 e4 10. dxc6 exf3 11. cxb7+ Kxb7 12. Bxf3+ Bxf3 13. Qxf3+ Qxf3 14. Nxf3 Bb4+ 15. Ke2 Ng4 16. a3 Nxe3 17. fxe3 Bc5 18. b4 Be7 19. Rad1 Bf6 20. Nd4 Rhe8 21. Kf3 g6 22. b5 Bg5 23. Rhe1 Bh6 24. a4 f5 25. a5 Re4 26. Re2 Rde8 27. c5 f4 28. c6+ Kc8 29. exf4 Rxf4+ 30. Kg3 Rd8 31. Red2 Re4 32. Rd3 Bg7 33. Nf3 Rf8 34. Rd7 Bf6 35. Rxh7 g5 36. Rdd7 1-0


[Site "https://www.chess.com"]

[Event "Titled Tuesday Blitz November 07 Late 2023"]
[White "Ardila, Oscar Humberto"]
[Black "ATM622"]
[WhiteFideId "4404742"]
[WhiteElo "2320"]
[BlackElo "2412"]
[Result "0-1"]
[Round "9"]
[TimeControl "180+1"]
[Date "2023.11.07"]
[WhiteClock "0:00:00"]
[BlackClock "0:00:20"]
[Board "82"]

1. d4 Nf6 2. c4 e6 3. Nc3 d5 4. Nf3 Be7 5. Bg5 h6 6. Bh4 O-O 7. e3 Ne4 8. Bxe7 Qxe7 9. Nxe4 dxe4 10. Nd2 f5 11. Qh5 e5 12. O-O-O exd4 13. exd4 Nc6 14. Nb3 a5 15. d5 a4 16. Nd4 Nxd4 17. Rxd4 a3 18. b3 Qf6 19. Qd1 c5 20. dxc6 bxc6 21. c5 Be6 22. Qd2 Rad8 23. Rd6 Qa1+ 24. Kc2 Qxa2+ 25. Kc1 Qa1+ 26. Kc2 Qb2+ 27. Kd1 Bxb3+ 28. Ke2 Bc4+ 29. Ke3 f4+ 30. Kxe4 Bd5+ 31. Kd3 Qb3+ 32. Qc3 Be4+ 33. Kd2 Rxd6+ 34. cxd6 Qd5+ 35. Bd3 Qxd6 36. f3 Bxd3 37. Qxd3 Qb4+ 38. Qc3 Rd8+ 39. Kc2 Qa4+ 40. Kc1 a2 41. Kb2 Rb8+ 42. Ka1 Qb5 43. Qc2 Qe5+ 44. Kxa2 Qa5+ 0-1


[Site "https://www.chess.com"]

[Event "Titled Tuesday Blitz November 07 Late 2023"]
[White "Romero Ruscalleda, Josep"]
[Black "Carrasco Miranda, Andres"]
[WhiteFideId "2231859"]
[BlackFideId "3405990"]
[WhiteElo "2317"]
[BlackElo "2411"]
[Result "0-1"]
[Round "9"]
[TimeControl "180+1"]
[Date "2023.11.07"]
[WhiteClock "0:00:13"]
[BlackClock "0:00:34"]
[Board "83"]

1. e4 e5 2. Nf3 Nc6 3. Bc4 Bc5 4. c3 Nf6 5. d3 d6 6. a4 a5 7. Nbd2 Ba7 8. Bb3 O-O 9. Nc4 h6 10. h3 Be6 11. O-O Ne7 12. Nxa5 Bxf2+ 13. Rxf2 Rxa5 14. Bxe6 fxe6 15. Qb3 Qc8 16. Bd2 Ra8 17. Raf1 b6 18. Nh4 Kh7 19. Be3 Qd7 20. Ra1 Nh5 21. Rxf8 Rxf8 22. a5 bxa5 23. Rxa5 Ng6 24. Nxg6 Kxg6 25. Ra7 Qf7 26. Kh2 Kh7 27. Qb7 Qg6 28. g4 Nf4 29. Qxc7 Nxh3 30. Qe7 Rf3 31. Bb6 Qxg4 32. Ra8 Qg3+ 33. Kh1 Rf1+ 0-1


[Site "https://www.chess.com"]

[Event "Titled Tuesday Blitz November 07 Late 2023"]
[White "Polaczek, Richard"]
[Black "Zampronha, Wladimir Camilo"]
[WhiteFideId "200026"]
[BlackFideId "2103087"]
[WhiteElo "2410"]
[BlackElo "2312"]
[Result "1-0"]
[Round "9"]
[TimeControl "180+1"]
[Date "2023.11.07"]
[WhiteClock "0:00:57"]
[BlackClock "0:00:00"]
[Board "84"]

1. d4 Nf6 2. Bg5 Ne4 3. Bf4 c5 4. f3 Qa5+ 5. c3 Nf6 6. Nd2 cxd4 7. Nb3 Qb6 8. Qxd4 Qxd4 9. cxd4 d5 10. e3 Nc6 11. Bb5 e6 12. Ne2 Bd7 13. Nc3 Be7 14. Rc1 O-O 15. g4 Rfc8 16. h4 Ne8 17. g5 a6 18. Bd3 b5 19. Kf2 Nb4 20. Bb1 Nc6 21. h5 Bd6 22. Ne2 Bxf4 23. Nxf4 Nd6 24. Nc5 Be8 25. g6 Nc4 26. b3 Na3 27. Bd3 a5 28. gxf7+ Bxf7 29. Ncxe6 Nb4 30. Bf5 Rxc1 31. Rxc1 a4 32. bxa4 bxa4 33. Ng5 Nc4 34. Bxh7+ Kf8 35. a3 Nxa3 36. Rc7 1-0


[Site "https://www.chess.com"]

[Event "Titled Tuesday Blitz November 07 Late 2023"]
[White "Minina, Veronika"]
[Black "Haitin, Ilja"]
[WhiteFideId "4174780"]
[BlackFideId "4501764"]
[WhiteElo "2287"]
[BlackElo "2406"]
[Result "1-0"]
[Round "9"]
[TimeControl "180+1"]
[Date "2023.11.07"]
[WhiteClock "0:00:07"]
[BlackClock "0:00:00"]
[Board "85"]

1. Nf3 d5 2. c4 dxc4 3. g3 b6 4. Bg2 Bb7 5. O-O g6 6. Na3 Bg7 7. Nxc4 Nf6 8. d4 O-O 9. b3 Nbd7 10. Bb2 c5 11. Rc1 Rc8 12. Re1 cxd4 13. Nxd4 Bxg2 14. Kxg2 Nc5 15. f3 Nd5 16. a3 b5 17. e4 bxc4 18. exd5 cxb3 19. Qe2 Na4 20. Rxc8 Qxc8 21. Nc6 Qd7 22. Nxe7+ Kh8 23. Bxg7+ Kxg7 24. Qe5+ f6 25. Qd4 Nb6 26. Nc6 Rf7 27. Nb4 a5 28. Qxb6 axb4 29. Qxb4 Qxd5 30. Re3 Rb7 31. Qe1 b2 32. Re7+ Rxe7 33. Qxe7+ Qf7 34. Qb4 Qa2 35. Qe7+ Kg8 36. Qe8+ Kg7 37. Qe7+ 1-0


[Site "https://www.chess.com"]

[Event "Titled Tuesday Blitz November 07 Late 2023"]
[White "PapaieDudu"]
[Black "Tarnowska, Aleksandra"]
[BlackFideId "1180967"]
[WhiteElo "2379"]
[BlackElo "2166"]
[Result "0-1"]
[Round "9"]
[TimeControl "180+1"]
[Date "2023.11.07"]
[WhiteClock "0:00:32"]
[BlackClock "0:00:13"]
[Board "86"]

1. e4 c5 2. Nf3 e6 3. d4 cxd4 4. Nxd4 a6 5. Nc3 Qc7 6. Be3 b5 7. Qd2 Bb7 8. O-O-O Nf6 9. f3 Be7 10. Ndxb5 axb5 11. Nxb5 Qc6 12. Kb1 O-O 13. c4 d5 14. cxd5 exd5 15. Rc1 Qa6 16. Nc3 Qe6 17. Nb5 dxe4 18. Nc7 Qxa2+ 19. Kc2 Qa4+ 20. Kb1 Qa2+ 21. Kc2 Rc8 22. Bb6 Ra6 23. Bxa6 Bxa6 24. Qd4 Bd3+ 25. Kd2 Rd8 26. Ra1 Qb3 27. Qc3 Bb4 28. Ke1 Bxc3+ 29. bxc3 Qc2 0-1


[Site "https://www.chess.com"]

[Event "Titled Tuesday Blitz November 07 Late 2023"]
[White "The_Straightforward_Rook"]
[Black "Tokat, Nehir"]
[BlackFideId "34557555"]
[WhiteElo "2548"]
[BlackElo "2213"]
[Result "1-0"]
[Round "9"]
[TimeControl "180+1"]
[Date "2023.11.07"]
[WhiteClock "0:00:19"]
[BlackClock "0:00:01"]
[Board "87"]

1. e4 c5 2. c3 Nc6 3. d4 cxd4 4. cxd4 d5 5. e5 g6 6. h3 Bg7 7. Nf3 Bf5 8. Bd3 Bxd3 9. Qxd3 e6 10. O-O Nge7 11. Nc3 O-O 12. Bg5 h6 13. Bh4 g5 14. Nxg5 hxg5 15. Bxg5 f6 16. exf6 Bxf6 17. Qg3 Nf5 18. Bxf6+ Nxg3 19. Bxd8 Nxf1 20. Bg5 Rf5 21. h4 Nh2 22. Re1 Ng4 23. f3 Nf6 24. Rxe6 Kf7 25. Re1 Re8 26. Rd1 Nh7 27. Bc1 Rg8 28. Kh2 Rh8 29. Rd3 a6 30. g4 Rf6 31. g5 Re6 32. Kg3 Kg6 33. Kg4 Re1 34. h5+ Kg7 35. Nxd5 Rxc1 36. h6+ Kf7 37. Kf5 Ne7+ 38. Nxe7 Kxe7 39. Re3+ Kf8 40. g6 Ng5 41. g7+ Kg8 42. Re8+ Kf7 43. gxh8=Q Rf1 44. Qf8# 1-0


[Site "https://www.chess.com"]

[Event "Titled Tuesday Blitz November 07 Late 2023"]
[White "KorolDimitriy75"]
[Black "Marchesich, Giovanni"]
[BlackFideId "2824790"]
[WhiteElo "2327"]
[BlackElo "2403"]
[Result "0-1"]
[Round "9"]
[TimeControl "180+1"]
[Date "2023.11.07"]
[WhiteClock "0:00:00"]
[BlackClock "0:00:44"]
[Board "88"]

1. d4 Nf6 2. c4 c5 3. d5 b5 4. Nd2 bxc4 5. e4 e6 6. Bxc4 exd5 7. exd5 d6 8. Ne2 Be7 9. O-O O-O 10. Nc3 Nbd7 11. b3 Nb6 12. Bb2 Nxc4 13. Nxc4 Ba6 14. Re1 Rb8 15. Rb1 Nd7 16. Ne4 Bxc4 17. bxc4 f5 18. Nd2 Bf6 19. Bxf6 Qxf6 20. Qc2 Qd4 21. Nf3 Rxb1 22. Rxb1 Qe4 23. Qxe4 fxe4 24. Ng5 Nb6 25. Nxe4 Nxc4 26. Rc1 Nb6 27. Nxd6 Rd8 28. Ne4 Rxd5 29. Nxc5 Rd2 30. a4 Ra2 31. g3 Nxa4 32. Nxa4 Rxa4 33. Rc7 h6 34. h4 Ra2 35. Kg2 Kh7 36. h5 a5 37. g4 a4 38. Ra7 a3 39. Kg3 Ra1 40. Kf4 Kg8 41. Kf5 Rf1 42. f4 Rf3 43. g5 hxg5 44. Kxg5 Rg3+ 45. Kf5 Kh7 0-1


[Site "https://www.chess.com"]